 Dungeon Crawl Stone Soup version 0.30-a0-840-ga523dec638 (webtiles) character file.

Game seed: 7343960967627771189

64 demibob the Twirler (level 3, -2/40 HPs)
             Began as a Demonspawn Gladiator on Mar 2, 2023.
             Slain by a gnoll
             ... wielding a +0 halberd
              (4 damage)
             ... on level 2 of the Dungeon.
             The game lasted 00:01:03 (1049 turns).

demibob the Twirler (Demonspawn Gladiator)          Turns: 1049, Time: 00:01:04

Health: -2/40      AC:  4    Str: 14    XL:     3   Next: 91%
Magic:  3/3        EV: 12    Int: 11    God:
Gold:   90         SH:  0    Dex: 14    Spells: 2/2 levels left

rFire   . . .      SeeInvis .    a - +0 quarterstaff
rCold   . . .      Faith    .    (shield currently unavailable)
rNeg    . . .      Spirit   .    b - +0 leather armour
rPois   .          Reflect  .    c - +0 helmet
rElec   .          Harm     .    (no cloak)
rCorr   .          Rampage  .    (no gloves)
Will    .....                    (no boots) Stlth
                                 (no amulet)
HPRegen 0.26/turn                (no ring)
MPRegen 0.08/turn                (no ring)

@: berserking (expiring), very quick
A: foul stench 1
a: no special abilities


You were on level 2 of the Dungeon.
You visited 1 branch of the dungeon, and saw 2 of its levels.

You collected 90 gold pieces.


Innate Abilities, Weirdness & Mutations

You may rarely emit foul miasma when damaged in melee.


   Skills:
 - Level 2.0 Fighting
 + Level 4.4 Staves
 - Level 1.7 Throwing
 - Level 2.6 Dodging


You had 2 spell levels left.
You didn't know any spells.
Your spell library contained the following spells:

 Spells                   Type           Power      Damage    Failure   Level
 Borgnjor's Revivificati  Necr           0%         N/A       100%        8
 Necromutation            Tmut/Necr      0%         N/A       100%        8
 Death's Door             Necr           0%         N/A       100%        9

Inventory:

Hand Weapons
 a - a +0 quarterstaff (weapon)
Missiles
 d - 3 throwing nets (quivered) {=f}
 e - a javelin
Armour
 b - a +0 leather armour (worn)
 c - a +0 helmet (worn)
Scrolls
 g - a scroll of identify {unknown}
 h - a scroll of enchant weapon {unknown}
 i - a scroll of teleportation {unknown}
 k - a scroll of torment {unknown}
 m - a scroll of magic mapping {unknown}
Potions
 f - a potion of degeneration {unknown}
 l - a potion of curing {unknown}

Dungeon Overview and Level Annotations

Branches:
Dungeon (2/15)

Altars:

#..# #..# . #
#..#
..#.###..# #
.........#.#
.........#K#.#
..g.g...S....#
..######g#.###
#@#.# #)#.#
#.#.# #.#.##
#....#
####.#..#
#....#..#
#.####..# ####
#.# #..#


You could see a gnoll, an adder and a kobold.


Message History

* * * LOW HITPOINT WARNING * * *
The gnoll hits you with a +0 flail.
* * * LOW HITPOINT WARNING * * *
You completely miss the gnoll.
The gnoll is heavily wounded.
The gnoll misses you. The gnoll barely misses you.
It was a potion of berserk rage.
A red film seems to cover your vision as you go berserk!
You feel yourself moving faster!
You feel mighty! The gnoll closely misses you.
The gnoll hits you with a +0 flail!
* * * LOW HITPOINT WARNING * * *
You are too berserk!
You sock the gnoll!
You kill the gnoll!
The gnoll hits you from afar with a +0 spear.
* * * LOW HITPOINT WARNING * * *
You see here a +0 flail.
You closely miss the gnoll.
The gnoll is severely wounded.
The gnoll barely misses you. x2
You sock the gnoll!
You kill the gnoll!
The gnoll barely misses you.
You see here a +0 spear.
You barely miss the gnoll. The gnoll closely misses you.
A kobold comes into view. It is wielding a +0 whip.
You barely miss the gnoll.
The kobold shouts!
You hear an angry hiss.
The gnoll hits you with a +0 halberd.
You die...

Skill      XL: |  1  2  3 |
---------------+----------+-----
Staves         | 3 4 |  4.4
Fighting       | |  2.0
Throwing       | |  1.7
Dodging        | |  2.6

Action                     || total
---------------------------++-------
  Melee: Quarterstaff      ||    99
    Use: Potion            ||     1
   Stab: Sleeping          ||     1
 Armour: Leather armour    ||    19
  Dodge: Dodged            ||    53

Levels and vault maps discovered:
D:1:      arrival_aquarium_b, layout_loops_ring, minmay_tripent
D:2:      layout_loops_ring, minmay_split_cup_small, uniq_crazy_yiuf_cottage

Notes
Turn   | Place    | Note
-------+----------+-------------------------------------------
     0 | D:1      | demibob the Demonspawn Gladiator began the quest for the
                  | Orb.
     0 | D:1      | Reached XP level 1. HP: 16/16 MP: 1/1
     3 | D:1      | Noticed an electric eel
     4 | D:1      | Noticed an electric eel
   120 | D:1      | Reached skill level 3 in Staves
   212 | D:1      | Gained mutation: You may rarely emit foul miasma when
                  | damaged in melee. [demonic ancestry]
   212 | D:1      | Reached XP level 2. HP: 21/22 MP: 2/2
   794 | D:2      | Reached XP level 3. HP: 24/27 MP: 3/3
   853 | D:2      | Reached skill level 4 in Staves
  1043 | D:2      | HP: 1/40 [gnoll/+0 spear (6)]
  1049 | D:2      | Slain by a gnoll

Vanquished Creatures
  2 gnolls (D:2)
  2 worms (D:2)
  2 ball pythons
  4 endoplasms (D:1)
  A giant cockroach (D:1)
  2 goblins (D:1)
  4 hobgoblins (D:1)
  6 jackals (D:2)
  5 kobolds
  A quokka (D:1)
  A bat (D:2)
  A frilled lizard (D:1)
  4 rats
35 creatures vanquished.

Table legend: (Time is in decaauts)
 A = Elapsed time spent in this place.
 B = Non-inter-level travel time spent in this place.
 C = Inter-level travel time spent in this place.
 D = Time resting spent in this place.
 E = Time spent auto-exploring this place.
 F = Levels seen in this place.
 G = Mean time per level.
                   A        B        C        D        E       F      G
               +--------+--------+--------+--------+--------+-----+--------+
         Total |   1058 |   1040 |     18 |      0 |    833 |   2 |  529.0 |
       Dungeon |   1058 |   1040 |     18 |      0 |    833 |   2 |  529.0 |
               +--------+--------+--------+--------+--------+-----+--------+

Top non-repeatable levels by time:
     D:1: 791 daAuts
     D:2: 267 daAuts

Table legend:
 A = Non-vault XP
 B = Vault XP
 C = Vault XP percentage of total XP
 D = Non-vault monster count
 E = Vault monster count
 F = Vault count percentage of total count
                 A         B        C        D         E       F
            +---------+---------+-------+---------+---------+-------
      Total |      80 |      12 |  13.0 |      30 |       5 |  14.3
            +---------+---------+-------+---------+---------+-------
        D:1 |      32 |       4 |  11.1 |      18 |       2 |  10.0
        D:2 |      48 |       8 |  14.3 |      12 |       3 |  20.0
            +---------+---------+-------+---------+---------+-------
